 Dungeon Crawl Stone Soup version 0.23.2-1-ga50397a6bc (webtiles) character file.

Game seed: 12362346811767605731

2657 OdinFK the Quickloader (level 9, -5/74 HPs)
             Began as a Centaur Arcane Marksman on May 27, 2019.
             Was a Priest of Okawaru.
             Killed from afar by Harold (12 damage)
             ... with a harpoon shot
             ... on level 7 of the Dungeon.
             The game lasted 00:41:13 (8370 turns).

OdinFK the Quickloader (Centaur Arcane Marksman)    Turns: 8370, Time: 00:41:14

Health: -5/74      AC:  8    Str: 16    XL:     9   Next: 36%
Magic:  14/14      EV: 10    Int: 12    God:    Okawaru [***...]
Gold:   362        SH:  0    Dex: 17    Spells: 5/15 levels left

rFire    + . .     SeeInvis .   b - +3 spear
rCold    . . .     Gourm    .   (no shield)
rNeg     . . .     Faith    .   y - +2 robe of Follow the Leader {*Contam rElec rF+ Dex+7}
rPois    .         Spirit   .   G - +0 helmet (curse)
rElec    +         Reflect  .   (no cloak)
rCorr    .         Harm     +   E - +0 pair of gloves
MR       .....                  (no barding)
Stlth    +.........             C - amulet of harm
HPRegen  0.22/turn              (no ring)
MPRegen  0.14/turn              (no ring)

@: about to teleport, marked, studying Stealth, very quick
A: large, hooves 3, deformed body, speed 2, tough skin 3
a: Heroism, Renounce Religion


You were on level 7 of the Dungeon.
You worshipped Okawaru.
Okawaru was most pleased with you.
You were not hungry.

You visited 2 branches of the dungeon, and saw 9 of its levels.

You collected 362 gold pieces.

Inventory:

Hand Weapons
 a - a +1 hand crossbow
 b - a +3 spear (weapon)
Missiles
 d - 64 bolts
 s - a javelin of returning (quivered)
Armour
 h - a +0 leather armour
 y - the +2 robe of Follow the Leader (worn) {*Contam rElec rF+ Dex+7}
   (You found it on level 4 of the Dungeon)

   It affects your dexterity (+7).
   It protects you from fire.
   It insulates you from electricity.
   It causes magical contamination when unequipped.
 A - a +2 leather armour of magic resistance
 E - a +0 pair of gloves (worn)
 G - a cursed +0 helmet (worn)
Jewellery
 p - an uncursed amulet of the acrobat
 C - an amulet of harm (around neck)
Wands
 B - a wand of disintegration (8)
 D - a wand of flame (11)
Scrolls
 e - 2 scrolls of amnesia {unknown}
 g - 3 scrolls of enchant armour
 i - a scroll of summoning {unknown}
 k - a scroll of enchant weapon
 l - a scroll of fear {unknown}
 m - a scroll of random uselessness {unknown}
 n - 2 scrolls of immolation {unknown}
 q - a scroll of blinking {unknown}
 t - 2 scrolls of teleportation
 u - 3 scrolls of remove curse
 v - a scroll of magic mapping
Potions
 c - 3 potions of curing
 j - 2 potions of cancellation
 o - a potion of flight {unknown}
 r - a potion of resistance
 w - 2 potions of heal wounds
 x - 2 potions of lignification {unknown}
 z - a potion of mutation {unknown}
 F - a potion of brilliance {unknown}
Books
 H - a manual of Stealth
Comestibles
 f - 10 rations
 I - a chunk of flesh


   Skills:
 + Level 5.0 Fighting
   Level 1.0 Short Blades
 + Level 0.8 Polearms
 * Level 8.0 Crossbows
 - Level 1.0 Armour
 - Level 1.3 Dodging
 + Level 3.9 Spellcasting
 * Level 7.0 Hexes
 + Level 0.8 Translocations
 + Level 1.5 Evocations


You had 5 spell levels left.
You knew the following spells:

 Your Spells              Type           Power        Failure   Level  Hunger
a - Corona                Hex            ###....      1%          1    #......
b - Slow                  Hex            ###.....     1%          2    ##.....
c - Portal Projectile     Hex/Tloc       ##....       13%         3    ###....
d - Cause Fear            Hex            ###.......   12%         4    #####..

Your spell library contained the following spells:

 Spells                   Type           Power        Failure   Level  Hunger
 Inner Flame              Hex/Fire       ##......     16%         3    ###....
 Leda's Liquefaction      Hex/Erth       ##........   45%         4    #####..


Dungeon Overview and Level Annotations

Branches:
Dungeon (8/15)             Temple (1/1) D:6
   Lair: D:8-11

Altars:
Cheibriados
Dithmenos
Elyvilon
Gozag
Hepliaklqana
Makhleb
Nemelex Xobeh
Okawaru
Qazlal
Sif Muna
Trog
Uskayaw
Vehumet
Wu Jian
Xom
Zin
The Shining One

Annotations:
D:3 Natasha
D:5 exclusion: statue
D:7 Harold


Innate Abilities, Weirdness & Mutations

You have hooves in place of feet.
Armour fits poorly on your strangely shaped body.
You cover ground very quickly.
You have extremely tough skin. (AC +3)


Message History

You are yanked forward by the harpoon shot.
Harold barely misses you.
Harold points at you and mumbles some strange words.
The harpoon shot hits you!
* * * LOW HITPOINT WARNING * * *
You are yanked forward by the harpoon shot.
Okay, then.
Harold says, "My wife will appreciate not having to wash blood out of my clothes anymore."
Okay, then.
You feel much better.
Harold hits you with a +2 hand axe of holy wrath.
As you read the scroll of teleportation, it crumbles to dust.
You feel strangely unstable.
Harold hits you with a +2 hand axe of holy wrath.
* * * LOW HITPOINT WARNING * * *
Harold hits you with a +2 hand axe of holy wrath!
* * * LOW HITPOINT WARNING * * *
Harold points at you and mumbles some strange words.
The harpoon shot hits you!
You die...

........##.##..###.#
........##..##.##..#######
........##.#######.......#
........##..#.#.#...####.#
........##.........## #.#
........#..#####.#.# #.#
............# #...# #.#
........##..######@#####.#####
...........(....@............#
##########..######.###########
##########.........#
............#......#
...........)...###.#
.#########..##.# #.#
..รท..........#.###.#
.##########........##### ...#
#....)........#


You could see Harold.

Vanquished Creatures
  A water moccasin (D:7)
  2 ice beasts (D:7)
  2 orc warriors (D:6)
  2 sky beasts
  2 phantoms (D:6)
  2 centaurs
  2 big kobolds (D:7)
  4 bullfrogs
  2 scorpions
  9 killer bees (D:7)
  A howler monkey (D:4)
  2 bullfrog zombies
  2 hounds (D:7)
  3 orc priests (D:6)
  2 iguanas
  3 orc wizards
  7 worker ants
  Natasha (D:3)
  A worker ant zombie (D:6)
  Robin (D:3)
  A gnoll (D:1)
  A howler monkey skeleton (D:7)
  3 adders
  A shadow imp (D:7)
  An ooze (D:2)
  An adder skeleton (D:5)
  2 worms
  A dart slug (D:2)
  5 leopard geckos
  17 orcs
  2 ball pythons
  10 giant cockroaches
  8 goblins
  12 hobgoblins
  12 jackals
  14 kobolds
  2 quokkas
  8 bats
  4 frilled lizards
  12 rats
168 creatures vanquished.

Notes
Turn   | Place    | Note
-------+----------+-------------------------------------------
     0 | D:1      | OdinFK the Centaur Arcane Marksman began the quest for the
                  | Orb.
     0 | D:1      | Reached XP level 1. HP: 16/16 MP: 2/2
   255 | D:1      | Reached XP level 2. HP: 23/23 MP: 3/3
   270 | D:1      | Learned a level 2 spell: Slow
   631 | D:1      | Reached XP level 3. HP: 28/28 MP: 4/4
   764 | D:2      | Reached skill level 3 in Crossbows
  1370 | D:2      | Reached XP level 4. HP: 21/36 MP: 6/6
  1447 | D:2      | Found a glowing silver altar of Zin.
  1447 | D:2      | Noticed an angel
  2107 | D:3      | Noticed Robin
  2110 | D:3      | Killed Robin
  2122 | D:3      | Found a burning altar of Makhleb.
  2446 | D:3      | Learned a level 3 spell: Portal Projectile
  2650 | D:3      | Reached XP level 5. HP: 36/41 MP: 7/7
  2699 | D:3      | Noticed Natasha
  2777 | D:3      | Killed Natasha
  3122 | D:4      | Reached skill level 1 in Short Blades
  3122 | D:4      | Reached skill level 4 in Crossbows
  3147 | D:3      | Noticed Natasha
  3499 | D:4      | Reached XP level 6. HP: 50/50 MP: 9/9
  3519 | D:4      | Got a shadowed robe
  3530 | D:4      | Identified the +2 robe of Follow the Leader {*Contam rElec
                  | rF+ Dex+7} (You found it on level 4 of the Dungeon)
  3902 | D:5      | Entered Level 5 of the Dungeon
  4054 | D:5      | Found a radiant altar of Vehumet.
  4793 | D:6      | Reached skill level 5 in Crossbows
  4793 | D:6      | Reached XP level 7. HP: 54/57 MP: 10/10
  4868 | D:6      | Found a staircase to the Ecumenical Temple.
  4875 | Temple   | Entered the Ecumenical Temple
  4980 | Temple   | Became a worshipper of Warmaster Okawaru
  5238 | D:6      | Learned a level 4 spell: Cause Fear
  5416 | D:6      | Reached * piety under Okawaru
  5416 | D:6      | Reached skill level 5 in Hexes
  5416 | D:6      | Reached skill level 1 in Evocations
  5442 | D:6      | Reached skill level 1 in Armour
  5607 | D:6      | Reached XP level 8. HP: 58/64 MP: 12/12
  5619 | D:6      | Reached skill level 6 in Crossbows
  5657 | D:6      | Found a hide-covered altar of Uskayaw.
  5760 | D:6      | Found a shimmering altar of Xom.
  6223 | D:7      | Reached ** piety under Okawaru
  6553 | D:7      | Reached skill level 7 in Crossbows
  6866 | D:7      | Reached XP level 9. HP: 14/72 MP: 14/14
  8165 | D:7      | Reached *** piety under Okawaru
  8165 | D:7      | Reached skill level 8 in Crossbows
  8279 | D:8      | Reached skill level 5 in Fighting
  8299 | D:8      | Noticed Harold
  8370 | D:7      | Killed from afar by Harold

Skill      XL: |  1  2  3  4  5  6  7  8  9 |
---------------+----------------------------+-----
Hexes          | 3 4 5 6 7 |  7.0
Crossbows      | 3 4 5 7 8 |  8.0
Fighting       | 2 3 4 5 |  5.0
Short Blades   | 1 |  1.0
Spellcasting   | 2 3 |  3.9
Evocations     | 1 |  1.5
Armour         | 1 |  1.0
Polearms       | |  0.8
Dodging        | |  1.3
Translocations | |  0.8

Action                   |  1- 3 |  4- 6 |  7- 9 || total
-------------------------+-------+-------+-------++-------
Melee: Dagger            |    19 |    19 |    43 ||    81
       Kick              |     2 |    33 |    46 ||    81
       Short sword       |       |   123 |       ||   123
       Trident           |       |     6 |       ||     6
       Spear             |       |       |   151 ||   151
 Fire: Hand crossbow     |   114 |    95 |    80 ||   289
Throw: Javelin           |       |     5 |     1 ||     6
 Cast: Corona            |       |       |    14 ||    14
       Cause Fear        |       |       |     3 ||     3
Evoke: Wand              |       |       |     6 ||     6
  Use: Scroll            |       |    10 |     2 ||    12
       Potion            |       |       |     2 ||     2
 Stab: Distracted        |       |       |     1 ||     1
  Eat: Chunk             |       |     9 |     7 ||    16
       Ration            |       |       |     1 ||     1
Armor: Robe              |     9 |    26 |    70 ||   105
       Leather armour    |       |    26 |       ||    26
Dodge: Dodged            |    24 |    65 |   116 ||   205
